AoeStats
← Faatig

Arabia

508927602Analyzed
3v3 RM · 9d ago on Sep 24, 2026· 52m 43s· 6 players
Game mode
Random Map
Map size
Normal (6 player)
Population
200
Speed
Normal
Resources
Standard
Victory
Conquest
Starting age
Dark Age
Ending age
Imperial Age
RankedLock teamsTeams togetherTeam positionsShared explorationLock speedFull tech treeHidden civsTurbo modeCheats
Victory
Defeat
🇺🇸 Inca · United States
962
+14
🇸🇪 Poles · Sweden
957
+14
🇹🇼 Bulgarians · Taiwan
941
+15
🇹🇷 Huns · Türkiye
923
-14
🇹🇷 Magyars · Türkiye
923
-15
🇹🇷 Italians · Türkiye
900
-14
bergiebird
8:56 Feudal Age
15:15 Castle Age
13:06 Horse Collar
13:14 Double-Bit Axe
13:49 Loom
16:05 Heavy Plow
19:06 Town Watch
19:55 Bow Saw
20:51 Wheelbarrow
20:30 Scale Mail Armor
20:44 Stone Mining
20:47 Gold Mining
22:28 Hand Cart
23:06 Gold Shaft Mining
23:08 Town Patrol
27:47 Imperial Age
26:01 Chain Mail Armor
25:57 Forging
26:20 Padded Archer Armor
27:16 Fletching
28:11 Stone Shaft Mining
28:54 Conscription
29:15 Iron Casting
29:24 Crop Rotation
29:06 Squires
28:56 Arson
29:43 Plate Mail Armor
30:34 Iron Casting
32:05 Blast Furnace
31:10 Elite Kamayuk
33:18 Fabric Shields
34:00 Bodkin Arrow
34:22 Leather Archer Armor
38:23 Bracer
38:54 Ring Archer Armor
38:46 Ballistics
39:27 Chemistry
41:39 Siege Engineers
41:49 Guilds
43:54 Elite Skirmisher
44:40 Thumb Ring
46:18 Andean Sling
46:55 Hoardings
Longoooooo
3:42 Loom
11:28 Feudal Age
14:02 Arson
14:59 Forging
20:35 Double-Bit Axe
25:42 Castle Age
25:30 Scale Mail Armor
31:39 Town Watch
39:09 Fletching
47:41 Horse Collar
53:00 Heavy Plow
Qk1
8:15 Loom
11:13 Feudal Age
15:16 Castle Age
14:29 Double-Bit Axe
14:27 Horse Collar
20:18 Bloodlines
22:41 Scale Barding Armor
24:32 Chain Barding Armor
25:25 Forging
26:28 Husbandry
27:15 Wheelbarrow
31:40 Bow Saw
33:39 Iron Casting
37:27 Imperial Age
37:35 Cavalier
39:48 Gold Mining
43:02 Szlachta Privileges
43:29 Conscription
54:01 Blast Furnace
ademhalit
11:41 Feudal Age
13:18 Horse Collar
13:26 Double-Bit Axe
15:56 Stone Mining
16:54 Gold Mining
21:07 Castle Age
19:47 Padded Archer Armor
19:37 Fletching
19:53 Scale Barding Armor
20:45 Bloodlines
20:54 Forging
20:58 Loom
23:21 Wheelbarrow
22:32 Town Watch
23:08 Leather Archer Armor
22:48 Bodkin Arrow
23:29 Bow Saw
24:12 Iron Casting
23:41 Heavy Plow
24:39 Gold Shaft Mining
25:45 Thumb Ring
29:53 Hand Cart
32:30 Husbandry
33:27 Chain Barding Armor
34:20 Iron Casting
48:14 Imperial Age
49:25 Parthian Tactics
48:24 Heavy Cavalry Archer
49:49 Ballistics
50:43 Chemistry
50:55 Bracer
ReuZess
11:10 Feudal Age
12:50 Double-Bit Axe
12:50 Horse Collar
25:11 Castle Age
24:50 Fletching
27:09 Stone Mining
26:54 Crossbowman
28:17 Bodkin Arrow
30:42 Bow Saw
38:04 Padded Archer Armor
38:50 Heavy Plow
39:46 Thumb Ring
40:02 Leather Archer Armor
40:20 Gold Mining
43:15 Imperial Age
43:57 Elite Genoese Crossbowman
46:29 Two-Man Saw
46:37 Crop Rotation
Faatig
7:24 Loom
9:48 Feudal Age
11:14 Double-Bit Axe
12:22 Horse Collar
21:20 Castle Age
21:20 Bloodlines
21:19 Scale Barding Armor
22:45 Bow Saw
23:05 Gold Mining
24:13 Wheelbarrow
24:18 Chain Barding Armor
25:02 Heavy Plow
27:58 Husbandry
34:08 Imperial Age
34:39 Cavalier
36:44 Plate Barding Armor
37:39 Hand Cart
39:10 Paladin
40:45 Conscription
45:21 Ballistics
45:12 Masonry
Connection lost

Rejoining the realm…

Still unreachable

The connection could not be restored.

Session expired

The server has moved on; the page needs a fresh start.